 Dungeon Crawl Stone Soup version 0.23-a0-704-g7fdf9c5 (console) character file.

51 Duffy the Firebug (level 3, -1/24 HPs)
             Began as a Demonspawn Fire Elementalist on Jan 14, 2019.
             Slain by a hound (6 damage)
             ... on level 2 of the Dungeon.
             The game lasted 00:01:36 (1510 turns).

Duffy the Firebug (Demonspawn Fire Elementalist)    Turns: 1510, Time: 00:01:36

Health: -1/24      AC:  2    Str:  8    XL:     3   Next: 57%
Magic:  6/6        EV: 12    Int: 17    God:
Gold:   11         SH:  4    Dex: 13    Spells: 2/6 levels left

rFire    . . .     SeeInvis .   f - +0 dagger (venom)
rCold    . . .     Gourm    .   (no shield)
rNeg     . . .     Faith    .   a - +0 robe
rPois    .         Spirit   .   (no helmet)
rElec    .         Reflect  .   (no cloak)
rCorr    .         Harm     .   (no gloves)
MR       .....                  (no boots)
Stlth    ++........             (no amulet)
HPRegen  0.08/turn              (no ring)
MPRegen  0.10/turn              (no ring)

@: no status effects
A: large bone plates 1
a: no special abilities


You were on level 2 of the Dungeon.
You were not hungry.

You visited 1 branch of the dungeon, and saw 2 of its levels.

You collected 11 gold pieces.

Inventory:

Hand Weapons
 f - a +0 dagger of venom (weapon)
Armour
 a - a +0 robe (worn)
Scrolls
 d - a scroll of fog {unknown}
 e - 2 scrolls of remove curse {unknown}
 h - a scroll of immolation {unknown}
 i - 2 scrolls of identify {unknown}
Potions
 b - a potion of berserk rage {unknown}
 g - 3 potions of lignification {unknown}
 j - 2 potions of brilliance {unknown}
Comestibles
 c - a ration


   Skills:
 + Level 0.0 Fighting
 - Level 1.7 Dodging
 - Level 1.7 Stealth
 + Level 2.4 Spellcasting
 + Level 2.7 Conjurations
 + Level 3.0 Fire Magic


You had 2 spell levels left.
You knew the following spells:

 Your Spells              Type           Power        Failure   Level  Hunger
h - Flame Tongue          Conj/Fire      ##...        5%          1    #......
l - Conjure Flame         Conj/Fire      ##......     17%         3    ###....

Your spell library contained the following spells:

 Spells                   Type           Power        Failure   Level  Hunger
 Throw Flame              Conj/Fire      ##....       9%          2    ##.....
 Inner Flame              Hex/Fire       #.......     30%         3    ###....
 Sticky Flame             Conj/Fire      ##......     50%         4    #####..
 Fireball                 Conj/Fire      ##........   83%         5    ######.


Dungeon Overview and Level Annotations

Branches:
Dungeon (2/15)

Altars:
Makhleb


Innate Abilities, Weirdness & Mutations

You are partially covered in large bone plates. (SH +4)


Message History

You closely miss the rat.
The rat is heavily wounded.
You block the rat's attack.
You hit the rat but do no damage.
The rat looks as sick as possible!
The rat is heavily wounded.
You kill the rat!
No target in view!
A hound comes into view.
Found a burning altar of Makhleb.
You closely miss the hound. The hound bites you.
You barely miss the hound. The hound bites you. The hound closely misses you.
You closely miss the hound. You block the hound's attack.
You closely miss the hound. The hound closely misses you. x2
You closely miss the hound. The hound bites you.
You barely miss the hound. The hound bites you. The hound closely misses you.
You hit the hound but do no damage.
The hound is poisoned.
The hound bites you.
You hit the hound.
The hound looks as sick as possible!
The hound is lightly wounded.
The hound bites you.
You die...

### #..#
##.._ ##...
##.h# #.@##
##..###
##...###
##....##
##....#
##.).# .#
#...#######>.
#..........#
###........#


You could see a hound.

Vanquished Creatures
  2 oozes (D:1)
  3 dart slugs (D:1)
  A leopard gecko (D:1)
  4 giant cockroaches (D:1)
  3 hobgoblins (D:1)
  7 kobolds
  4 bats (D:1)
  A frilled lizard (D:2)
  6 goblins (D:1)
  5 rats
36 creatures vanquished.

Notes
Turn   | Place    | Note
-------+----------+-------------------------------------------
     0 | D:1      | Duffy the Demonspawn Fire Elementalist began the quest for
                  | the Orb.
     0 | D:1      | Reached XP level 1. HP: 13/13 MP: 3/3
   249 | D:1      | Gained mutation: You are partially covered in large bone
                  | plates. (SH +4) [demonic ancestry]
   249 | D:1      | Reached XP level 2. HP: 19/19 MP: 1/5
   703 | D:1      | Reached XP level 3. HP: 23/24 MP: 0/6
   708 | D:1      | Learned a level 3 spell: Conjure Flame
   943 | D:1      | Reached skill level 3 in Fire Magic
  1502 | D:2      | Found a burning altar of Makhleb.
  1510 | D:2      | Slain by a hound

Vault maps used:
D:1:      lemuel_arrival_room, chequers_arboretum, minmay_split_cup_small
D:2:      makhleb_blood_cavern_becter

Skill      XL: |  1  2  3 |
---------------+----------+-----
Conjurations   | 2 |  2.7
Fire Magic     | 3 |  3.0
Dodging        | |  1.7
Stealth        | |  1.7
Spellcasting   | |  2.4

Action                   || total
-------------------------++-------
Melee: Unarmed           ||    17
       Dagger            ||    11
 Cast: Flame Tongue      ||    68
  Eat: Chunk             ||     3
Armor: Robe              ||     9
Dodge: Dodged            ||    29
Block: Other             ||     7

Table legend:
 A = Non-vault XP
 B = Vault XP
 C = Vault XP percentage of total XP
 D = Non-vault monster count
 E = Vault monster count
 F = Vault count percentage of total count
                 A         B        C        D         E       F
            +---------+---------+-------+---------+---------+-------
      Total |      66 |       7 |   9.6 |      33 |       3 |   8.3
            +---------+---------+-------+---------+---------+-------
        D:1 |      62 |       7 |  10.1 |      29 |       3 |   9.4
        D:2 |       4 |       0 |   0.0 |       4 |       0 |   0.0
            +---------+---------+-------+---------+---------+-------
